 Dungeon Crawl Stone Soup version 0.30-a0-465-g8901f6c8b5 (webtiles) character file.

Game seed: 14915176944909157202

8065 MackTheKnife the Grappler (level 11, -2/78 HPs)
             Began as an Octopode Transmuter on Dec 18, 2022.
             Was a Follower of Ru.
             Slain by Snorg (16 damage)
             ... on level 10 of the Dungeon.
             The game lasted 00:18:12 (9509 turns).

MackTheKnife the Grappler (Octopode Transmuter)     Turns: 9509, Time: 00:18:13

Health: -2/78      AC:  2    Str: 14    XL:     11   Next: 25%
Magic:  0/15       EV: 26    Int: 22    God:    Ru [*.....]
Gold:   666        SH:  0    Dex: 17    Spells: 7/16 levels left

rFire   . . .      SeeInvis .      - Unarmed
rCold   . . .      Faith    .    (shield currently unavailable)
rNeg    . . .      Spirit   +    (helmet currently unavailable)
rPois   x          Reflect  .    n - amulet of guardian spirit
rElec   .          Harm     .    m - +6 ring of intelligence
rCorr   .          Rampage  .    (no ring)
Will    .....                    (no ring)
Stlth   ++........               (no ring)
HPRegen 0.33/turn                (no ring)
MPRegen 0.14/turn                (no ring)
                                 (no ring)
                                 (no ring)

@: spider-form, hasted, very quick
A: venomous fangs, almost no armour, (amphibious), 8 rings, tiny, (camouflage
1), (gelatinous body 1), weak-willed 1, (nimble swimmer 1), (tentacles)
a: End Transformation, Renounce Religion


You were on level 10 of the Dungeon.
You worshipped Ru.
Ru was aware of your devotion.
You were a venomous arachnid creature.
You visited 2 branches of the dungeon, and saw 11 of its levels.

You collected 666 gold pieces.


Innate Abilities, Weirdness & Mutations

You are a venomous arachnid creature.
You have poisonous fangs.
You are tiny and dextrous.
Your spellcasting is less reliable in this form.
Your armour is entirely melded.
You are incapable of wielding weapons or throwing items.
You cannot wear most types of armour.
((You are amphibious.))
You can wear up to eight rings at the same time.
((Your skin changes colour to match your surroundings (Stealth+).))
((Your rubbery body absorbs attacks. (AC +1, EV +1)))
You are slightly weak-willed. (Will-)
((You are camouflaged when in or above water. (Stealth+)))
((You have tentacles for arms and can constrict up to eight enemies at once.))


   Skills:
 - Level 8.3 Fighting
 - Level 8.9 Dodging
 * Level 10.7 Unarmed Combat
 + Level 3.1 Spellcasting
 - Level 4.6 Transmutations
 + Level 2.4 Ice Magic
 - Level 4.2 Poison Magic


You had 7 spell levels left.
You knew the following spells:

 Your Spells              Type           Power      Damage    Failure   Level
a - Beastly Appendage     Tmut           46%        N/A       8%          1
b - Spider Form           Tmut/Pois      23%        N/A       17%         3
c - Wereblood             Tmut           23%        N/A       10%         2
d - Ozocubu's Armour      Ice            14%        N/A       32%         3

Your spell library contained the following spells:

 Spells                   Type           Power      Damage    Failure   Level
 Poisonous Vapours        Pois/Air       24%        N/A       21%         2
 Cigotuvi's Dreadful Rot  Necr/Pois/Air  18%        N/A       26%         2
 Kiss of Death            Conj/Necr      12%        2d6       28%         1
 Shock                    Conj/Air       12%        1d3       28%         1
 Mephitic Cloud           Conj/Pois/Air  9%         N/A       41%         3
 Ice Form                 Ice/Tmut       18%        N/A       50%         4
 Confusing Touch          Hex            3%         N/A       58%         3
 Gell's Gravitas          Tloc           3%         N/A       58%         3
 Lesser Beckoning         Tloc           6%         N/A       58%         3
 Swiftness                Air            3%         N/A       58%         3
 Teleport Other           Tloc           3%         N/A       58%         3
 Airstrike                Air            1%         2d(1-17)  90%         4
 Dispel Undead            Necr           3%         3d7       90%         4
 Ozocubu's Refrigeration  Ice            7%         4d9       100%        7

Inventory:

Armour
 c - a +1 kite shield
   (You found it on level 1 of the Dungeon)
 x - a +2 hat (melded)
   (You found it on level 3 of the Dungeon)
Jewellery
 h - a ring of fire
   (You found it on level 2 of the Dungeon)
 m - a +6 ring of intelligence (left front leg)
   (You found it on level 2 of the Dungeon)
 n - an amulet of guardian spirit (around neck)
   (You found it on level 3 of the Dungeon)
 o - a ring of ice
   (You found it on level 3 of the Dungeon)
 y - an amulet of magic regeneration {@e2}
   (You found it on level 6 of the Dungeon)
Wands
 t - a wand of flame (9)
   (You found it on level 5 of the Dungeon)
 w - a wand of digging (5)
   (You took it off an orc priest on level 8 of the Dungeon)
Scrolls
 i - 3 scrolls of blinking {!r}
 k - 2 scrolls of butterflies
 v - a scroll of teleportation {@r4}
 A - a scroll of fog
 B - a scroll of enchant armour
 C - 2 scrolls of identify {@r1}
 D - a scroll of noise {unknown}
Potions
 b - 4 potions of curing {@q1}
 e - a potion of attraction {!q}
 f - 2 potions of heal wounds {unknown}
 g - 2 potions of flight {unknown}
 j - a potion of ambrosia
 l - 4 potions of brilliance
 p - 2 potions of resistance {unknown}
 q - a potion of mutation {unknown}
 r - a potion of might
 s - a potion of invisibility {unknown}
 u - 3 potions of degeneration {unknown}

Dungeon Overview and Level Annotations

Branches:
Dungeon (10/15) Zot: 26846  Temple (1/1) D:4 Zot: 5942
   Lair: D:8-11         Orc: D:9-12

Altars:
Ashenzari
Cheibriados
Elyvilon
Fedhas
Gozag
Kikubaaqudgha
Makhleb
Nemelex Xobeh
Qazlal
Ru
Sif Muna
Uskayaw
Vehumet
Wu Jian
Xom
Yredelemnul
Zin

Shops:
D:7 [

Annotations:
D:10 Snorg

#######.#...#
#.......#
#......##
#......#
#......#
#......#
#......#
#......#
#.s.####
#T###
######## #'#
#.[..... .C.
#.######
.....
####.##....
.#.....
#....##.###
.##......
#.##.......
.# ########
#.##.##.##.
#.
#.##[##.#..


You could see Snorg (berserk, extremely poisoned) and a cyclops.


Message History

You bludgeon the yak! The yak misses you.
You tentacle-slap the yak but do no damage.
Your squeeze misses the yak.
You howl as the wereblood boils in your veins!
You bludgeon the yak! The yak misses you. 😕 MP[+1]
You bludgeon the yak! The yak closely misses you. 😕 HP[+1]
You tentacle-slap the yak. Your squeeze misses the yak.
The yak is stunned by your conviction and fails to attack.
You tentacle-slap the yak. x2; You squeeze the yak, but do no damage.
The yak barely misses you.
You barely miss the yak. You bludgeon the yak!
You feel a bit better.
You kill the yak! 😕 HP[+2]
You regained 2 hp, and now have 76/78 hp.
You tentacle-slap the yak but do no damage.
You tentacle-slap the yak. The yak gores you! 😕 HP[-14] MP[-2]
You take 14 damage, and now have 62/78 hp.
You lost 2 mp, and now have 11/15 mp.
You bludgeon the yak! You squeeze the yak! The yak completely misses you.
You bludgeon the yak! You tentacle-slap the yak.
You feel a bit better.
You kill the yak!
You howl as the wereblood boils in your veins! 😕 HP[+2]
You regained 2 hp, and now have 64/78 hp.
No target in view!
No target in view!
You howl as the wereblood boils in your veins!
Your primal bloodlust is almost over.
Your primal bloodlust has ended.
You hear the faint creaking of a very distant portcullis.
You see here a +0 quarterstaff {staff}.
Key pressed, stopping explore.
You open the door.
Found a stone staircase leading down. 😎 HP[+14] MP[+4]
Your hp is fully restored (78).
Your mp is fully restored (15).
There is an open door here.
You now have 638 gold pieces (gained 17).
There is a stone staircase leading down here.
You now have 651 gold pieces (gained 13).
You now have 666 gold pieces (gained 15).
You open the door.
Snorg the Insatiable comes into view.
Snorg shouts!
You hear a shout!
Casting: Wereblood (safe; 2% risk of failure)
Confirm with . or Enter, or press ? or * to list all spells.
You turn into a venomous arachnid creature.
Your +2 hat melds into your body.
Snorg misses you. Snorg claws you.
Snorg barely misses you. 😕 HP[-4] MP[-4]
You take 4 damage, and now have 74/78 hp.
You lost 4 mp, and now have 11/15 mp.
Unknown command.
You hit Snorg.
Snorg is poisoned.
A cyclops comes into view. 😕 HP[+1]
You hit Snorg.
Snorg looks as sick as possible!
Snorg goes berserk!
You barely miss Snorg. Snorg barely misses you. Snorg misses you.
Snorg claws you! 😕 HP[-10] MP[-1]
You take 10 damage, and now have 65/78 hp.
You lost 1 mp, and now have 10/15 mp.
Unknown command.
You hit Snorg. Snorg bites you. Snorg closely misses you.
Snorg barely misses you. Snorg misses you. Snorg barely misses you.
Snorg claws you. 😕 HP[-4] MP[-2]
You take 4 damage, and now have 61/78 hp.
You lost 2 mp, and now have 8/15 mp.
Unknown command.
You hit Snorg but do no damage.
Snorg looks as sick as possible!
Snorg bites you! Snorg misses you.
Snorg completely misses you. 😮 HP[-7] MP[-1]
You take 7 damage, and now have 54/78 hp.
You lost 1 mp, and now have 7/15 mp.
Unknown command.
You barely miss Snorg.
You hear the faint creaking of a very distant portcullis.
Snorg completely misses you. Snorg barely misses you. Snorg claws you!!
* * * LOW HITPOINT WARNING * * *
😨 HP[-19] MP[-2]
You take 19 damage, and now have 35/78 hp.
MASSIVE DAMAGE!! (PAUSE)
You lost 2 mp, and now have 5/15 mp.
You feel yourself speed up. Snorg bites you!!
* * * LOW HITPOINT WARNING * * *
Snorg completely misses you. x2; Snorg misses you. x3 😱 HP[-21] MP[-3]
You take 21 damage, and now have 14/78 hp.
MASSIVE DAMAGE!! (PAUSE)
You lost 3 mp, and now have 2/15 mp.
Unknown command.
Unknown command.
Snorg attacks as you move away! Snorg closely misses you. Snorg claws you!!
You die...

Skill      XL: |  1  2  3  4  5  6  7  8  9 10 11 |
---------------+----------------------------------+-----
Unarmed Combat | 4 5 6 8 10 | 10.7
Transmutations | 3 4 |  4.6
Poison Magic   | 2 3 4 |  4.2
Fighting       | 3 6 8 |  8.3
Dodging        | 7 8 |  8.9
Ice Magic      | 2 |  2.4
Spellcasting   | 3 |  3.1

Action                   |  1- 3 |  4- 6 |  7- 9 | 10-12 || total
-------------------------+-------+-------+-------+-------++-------
Melee: Unarmed           |    73 |   132 |   221 |   148 ||   574
       Tentacles         |    13 |    24 |    39 |    10 ||    86
       Constrict         |    15 |    26 |    35 |     5 ||    81
       Kick              |     6 |    18 |    17 |       ||    41
       Punch             |     2 |     1 |     8 |    10 ||    21
 Cast: Beastly Appendage |     4 |     8 |     7 |       ||    19
       Wereblood         |       |     5 |     6 |     5 ||    16
       Spider Form       |       |       |    11 |     8 ||    19
Invok: Reject Sacrifices |       |       |     1 |       ||     1
       Sacrifice Essence |       |       |     1 |       ||     1
Evoke: Wand              |       |       |     1 |     4 ||     5
  Use: Scroll            |       |    11 |     8 |       ||    19
       Potion            |       |     1 |     3 |     4 ||     8
 Stab: Sleeping          |     7 |     6 |     4 |       ||    17
       Distracted        |       |       |     1 |     1 ||     2
Armor: Skin              |     3 |    10 |    24 |    26 ||    63
Dodge: Dodged            |    38 |    59 |   146 |    90 ||   333

Levels and vault maps discovered:
D:1:      onia_arrival_handbag, layout_basic
D:2:      layout_basic
D:3:      layout_loops_ring, serial_co_window_serial, co_window_corner_a,
          co_window_paths_b, co_window_paths_a, co_window_paths_a,
          co_window_cross_1, co_window_2corner, co_window_broadway_a,
          co_window_of_opportunity_c, co_window_of_opportunity_c,
          co_window_unsneaky_path_a, glass_columns_b, glass_columns_a,
          chequers_serial_rivers_micro_d
D:4:      cheibrodos_barr_body, layout_rooms, nicolae_ashenzari_panopticon,
          minmay_temple_entry_wispy, dk_vineyard_2, grunt_ministairs_4
D:5:      dreamdust_elfheim, layout_cave_pools, mainiacjoe_overflow_alcove_1
D:6:      minmay_evil_eye, layout_cave_pools, cheibriados_altar_1,
          mainiacjoe_overflow_six_doors_small, uniq_pikel
D:7:      layout_basic, nicolae_sif_muna_little_library,
          gammafunk_temple_overflow_wave, serial_shops, nicolae_stop_n_shop_1,
          roderic_roman_lattice, serial_bayou_crossing
D:8:      layout_cave_pools, mainiacjoe_overflow_concentric_impassable
D:9:      layout_loops_cross, mainiacjoe_overflow_alcove_4,
          nicolae_qazlal_general_emergency, amcnicky_altar_gilded,
          nicolae_dithmenos_through_a_glass_darkly, minmay_the_grid_2x2
          [minmay_the_grid_outer_circle, minmay_the_grid_diamond_grid,
          minmay_the_grid_plusring, minmay_the_grid_prize_trominoes]
D:10:     layout_basic, grunt_temple_overflow_bloody_war, tso_oasis_becter,
          david_orc_4, enter_bailey_4, uniq_snorg, uniq_josephine, uniq_harold
Temple:   nicolae_temple_little_seven

Notes
Turn   | Place    | Note
-------+----------+-------------------------------------------
     0 | D:1      | MackTheKnife the Octopode Transmuter began the quest for
                  | the Orb.
     0 | D:1      | Reached XP level 1. HP: 13/13 MP: 3/3
     0 | D:1      | magus.rc [v1.9.6]
   192 | D:1      | Reached XP level 2. HP: 15/18 MP: 5/5
   486 | D:1      | Reached skill level 4 in Unarmed Combat
   954 | D:2      | Reached XP level 3. HP: 11/23 MP: 4/6
  1324 | D:2      | Reached XP level 4. HP: 10/28 MP: 7/7
  1749 | D:2      | Reached skill level 5 in Unarmed Combat
  1753 | D:2      | HP: 6/28 [adder (3)]
  1966 | D:3      | Learned a level 3 spell: Spider Form
  1969 | D:3      | Learned a level 2 spell: Wereblood
  2004 | D:3      | You pick up a book of Vapours and begin reading...
  2004 | D:3      | You add the spells Poisonous Vapours, Cigotuvi's Dreadful
                  | Rot and Mephitic Cloud to your library.
  2599 | D:3      | Reached XP level 5. HP: 33/33 MP: 8/8
  2608 | D:3      | You pick up a book of Touch and begin reading...
  2608 | D:3      | You add the spells Kiss of Death, Confusing Touch and
                  | Dispel Undead to your library.
  2961 | D:4      | Found a staircase to the Ecumenical Temple.
  2992 | Temple   | Entered the Ecumenical Temple
  3041 | Temple   | Became a worshipper of Ru the Awakened
  3072 | D:4      | Found a broken altar of Ashenzari.
  3303 | D:4      | HP: 4/33 [poisoned by a scorpion]
  3304 | D:4      | Reached skill level 3 in Transmutations
  3304 | D:4      | Reached skill level 1 in Poison Magic
  3426 | D:4      | Reached skill level 2 in Poison Magic
  3426 | D:4      | Reached XP level 6. HP: 38/38 MP: 5/9
  3500 | D:4      | Reached skill level 4 in Transmutations
  3500 | D:4      | Reached skill level 3 in Poison Magic
  3506 | D:4      | Reached XP level 7. HP: 15/43 MP: 2/10
  3773 | D:4      | Reached skill level 4 in Poison Magic
  4091 | D:5      | Entered Level 5 of the Dungeon
  4283 | D:5      | Reached skill level 2 in Fighting
  4470 | D:5      | Reached skill level 6 in Unarmed Combat
  4528 | D:5      | Reached skill level 3 in Fighting
  4530 | D:5      | HP: 9/46 [poisoned by an orc wizard]
  4531 | D:5      | HP: 3/46 [poisoned by an orc wizard]
  4736 | D:5      | Noticed Duvessa
  4737 | D:5      | Noticed Dowan
  4741 | D:5      | Killed Duvessa
  4742 | D:5      | Reached XP level 8. HP: 53/53 MP: 9/11
  4742 | D:5      | Killed Dowan
  4863 | D:5      | You pick up a book of Displacement and begin reading...
  4863 | D:5      | You add the spells Lesser Beckoning, Gell's Gravitas and
                  | Teleport Other to your library.
  4875 | D:5      | Reached skill level 4 in Fighting
  5137 | D:5      | Found a radiant altar of Vehumet.
  5213 | D:6      | Reached skill level 7 in Unarmed Combat
  5264 | D:6      | Found a snail-covered altar of Cheibriados.
  5361 | D:6      | You pick up a book of Air and begin reading...
  5361 | D:6      | You add the spells Shock, Swiftness and Airstrike to your
                  | library.
  5515 | D:6      | Reached skill level 5 in Fighting
  5635 | D:6      | HP: 12/55 [gnoll/+4 spear[a gnoll bouda] (11)]
  5933 | D:6      | Found a glowing silver altar of Zin.
  5933 | D:6      | Noticed Pikel
  5948 | D:6      | Killed Pikel
  5949 | D:6      | Reached skill level 6 in Fighting
  5949 | D:6      | Reached skill level 8 in Unarmed Combat
  5949 | D:6      | Reached XP level 9. HP: 52/63 MP: 7/12
  6240 | D:7      | Found Ceham's Armour Boutique.
  6458 | D:7      | Found a shimmering blue altar of Sif Muna.
  6595 | D:7      | Found an ornate altar of the Wu Jian Council.
  6595 | D:7      | Found an opulent altar of Gozag.
  6684 | D:7      | Reached skill level 3 in Dodging
  6911 | D:7      | Gained mutation: You are slightly weak-willed. (Will-) [Ru
                  | sacrifice]
  6911 | D:7      | Reached * piety under Ru
  7251 | D:8      | Reached skill level 4 in Dodging
  7379 | D:8      | Reached skill level 5 in Dodging
  7424 | D:8      | Found a basalt altar of Yredelemnul.
  7522 | D:7      | Reached skill level 6 in Dodging
  7608 | D:8      | Reached skill level 7 in Dodging
  7608 | D:8      | Reached XP level 10. HP: 44/69 MP: 5/13
  7611 | D:8      | Reached skill level 8 in Dodging
  8072 | D:8      | You add the spells Ozocubu's Armour and Ozocubu's
                  | Refrigeration to your library.
  8077 | D:8      | Learned a level 3 spell: Ozocubu's Armour
  8143 | D:8      | Noticed a two-headed ogre
  8157 | D:8      | Killed a two-headed ogre
  8158 | D:8      | Reached skill level 7 in Fighting
  8158 | D:8      | Reached skill level 9 in Unarmed Combat
  8315 | D:8      | magus.rc [v1.9.6]
  8367 | D:9      | Reached skill level 8 in Fighting
  8553 | D:9      | Found a white marble altar of Elyvilon.
  8608 | D:9      | Reached skill level 10 in Unarmed Combat
  8836 | D:9      | Noticed a two-headed ogre
  8877 | D:9      | Reached XP level 11. HP: 54/78 MP: 7/14
  8881 | D:9      | Reached skill level 1 in Ice Magic
  8890 | D:9      | Killed a two-headed ogre
  9141 | D:9      | Found a stormy altar of Qazlal.
  9157 | D:9      | Reached skill level 2 in Ice Magic
  9330 | D:9      | Noticed a skeletal warrior
  9351 | D:10     | Entered Level 10 of the Dungeon
  9412 | D:10     | Reached skill level 3 in Spellcasting
  9499 | D:10     | Noticed Snorg
  9501 | D:10     | Noticed a cyclops
  9507 | D:10     | HP: 14/78 [Snorg (21)]
  9509 | D:10     | Slain by Snorg

Vanquished Creatures
  2 two-headed ogres
  Pikel (D:6)
  A troll (D:9)
  A wyvern (D:9)
  A wraith (D:9)
  19 yaks
  A vampire mosquito (D:9)
  Duvessa (D:5)
  An acid dragon (D:8)
  2 ice beasts
  3 orc warriors
  4 centaurs
  An ogre (D:6)
  A lemure (D:6)
  A phantom (D:4)
  2 necrophages (D:6)
  2 bullfrogs (D:7)
  2 scorpions
  5 wights (D:8)
  Dowan (D:5)
  6 killer bees (D:9)
  3 howler monkeys
  6 hounds
  A gnoll bouda (D:6)
  A jelly (D:4)
  2 orc priests
  3 iguanas
  2 orc wizards
  16 adders
  7 gnolls (D:6)
  2 white imps
  An ufetubus (D:5)
  3 dart slugs
  12 orcs
  3 bats
  8 endoplasms
  5 giant cockroaches
  4 goblins
  13 hobgoblins
  5 jackals
  11 kobolds
  2 training dummies (D:5)
  8 ball pythons
  8 frilled lizards
  8 rats
192 creatures vanquished.

Vanquished Creatures (others)
  A yak (D:9)
  A bullfrog (D:8)
2 creatures vanquished.

Grand Total: 194 creatures vanquished

Table legend:
 A = Non-vault XP
 B = Vault XP
 C = Vault XP percentage of total XP
 D = Non-vault monster count
 E = Vault monster count
 F = Vault count percentage of total count
                 A         B        C        D         E       F
            +---------+---------+-------+---------+---------+-------
      Total |    8421 |    3101 |  26.9 |     160 |      33 |  17.1
            +---------+---------+-------+---------+---------+-------
        D:1 |      27 |       5 |  15.6 |      15 |       4 |  21.1
        D:2 |      89 |       0 |   0.0 |      21 |       0 |   0.0
        D:3 |      50 |       0 |   0.0 |      23 |       0 |   0.0
        D:4 |     223 |     373 |  62.6 |      19 |      15 |  44.1
        D:5 |     541 |     226 |  29.5 |      16 |       4 |  20.0
        D:6 |     526 |     860 |  62.0 |      20 |       3 |  13.0
        D:7 |    1108 |       0 |   0.0 |       9 |       0 |   0.0
        D:8 |    3240 |       0 |   0.0 |      21 |       0 |   0.0
        D:9 |    2007 |    1637 |  44.9 |      13 |       7 |  35.0
       D:10 |     610 |       0 |   0.0 |       3 |       0 |   0.0
            +---------+---------+-------+---------+---------+-------

Illustrated notes

Table legend:
 A = Kills in this place as a percentage of kills in entire the game.
 B = Kills by you in this place as a percentage of kills by you in the entire game.
 C = Kills by friends in this place as a percentage of kills by friends in the entire game.
 D = Other kills in this place as a percentage of other kills in the entire game.
 E = Experience gained in this place as a percentage of experience gained in the entire game.
 F = Experience gained in this place divided by the number of levels of this place that you have seen.
                   A       B       C       D       E      F
               +-------+-------+-------+-------+-------+----------------------
         Total | 100.0 | 100.0 |   N/A | 100.0 | 100.0 | 1047.5
       Dungeon | 100.0 | 100.0 |   N/A | 100.0 | 100.0 | 1152.2
               +-------+-------+-------+-------+-------+----------------------

Table legend: (Time is in decaauts)
 A = Elapsed time spent in this place.
 B = Non-inter-level travel time spent in this place.
 C = Inter-level travel time spent in this place.
 D = Time resting spent in this place.
 E = Time spent auto-exploring this place.
 F = Levels seen in this place.
 G = Mean time per level.
                   A        B        C        D        E       F      G
               +--------+--------+--------+--------+--------+-----+--------+
         Total |   9441 |   9142 |    299 |   1694 |   5843 |  11 |  858.3 |
       Dungeon |   9383 |   9092 |    291 |   1694 |   5816 |  10 |  938.3 |
        Temple |     57 |     49 |      8 |      0 |     27 |   1 |   57.0 |
               +--------+--------+--------+--------+--------+-----+--------+

Top non-repeatable levels by time:
     D:4: 1325 daAuts
     D:5: 1131 daAuts
     D:7: 1118 daAuts
     D:9: 1012 daAuts
     D:8: 1005 daAuts
     D:2: 995 daAuts
     D:1: 916 daAuts
     D:3: 894 daAuts
     D:6: 829 daAuts
    D:10: 153 daAuts
  Temple: 57 daAuts
